 Dungeon Crawl Stone Soup version 0.25.1-2-g60ff931df9 (webtiles) character file.

Game seed: 7559530480838989560

3696 Eitelfritz the Carver (level 9, -7/79 HPs)
             Began as a Minotaur Gladiator on Aug 1, 2020.
             Mangled by an orc knight
             ... wielding a +0 glaive
              (8 damage)
             ... in a bailey.
             The game lasted 00:29:23 (7929 turns).

Eitelfritz the Carver (Minotaur Gladiator)          Turns: 7929, Time: 00:29:24

Health: -7/79      AC: 12    Str: 20    XL:     9   Next: 90%
Magic:  8/8        EV: 10    Int:  8    God:
Gold:   353        SH:  0    Dex: 11    Spells: 8/8 levels left

rFire    + . .     SeeInvis .   a - +1 long sword
rCold    + . .     Gourm    .   (no shield)
rNeg     . . .     Faith    .   x - +0 chain mail
rPois    .         Spirit   .   c - +0 hat
rElec    .         Reflect  .   o - scarf {rC+ rF+}
rCorr    .         Harm     .   (no gloves)
MR       +....                  J - +0 pair of boots
Stlth    ..........             (no amulet)
HPRegen  0.23/turn              B - ring of protection from magic
MPRegen  0.11/turn              m - ring of stealth

@: mighty
A: retaliatory headbutt, horns 2
a: no special abilities


You were in a bailey.
You were not hungry.

You visited 2 branches of the dungeon, and saw 9 of its levels.
You also visited: Bailey.

You collected 353 gold pieces.

Inventory:

Hand Weapons
 a - a +1 long sword (weapon)
 b - a +0 longbow
 I - a +6 flail of draining
Missiles
 d - 2 throwing nets
 k - 8 javelins (quivered)
 y - 2 boomerangs
 H - 71 arrows
Armour
 c - a +0 hat (worn)
 i - a scarf of resistance
 o - a scarf of resistance (worn)
 x - a +0 chain mail (worn)
 G - a +0 leather armour
 J - a +0 pair of boots (worn)
Jewellery
 m - a ring of stealth (right hand)
 B - a ring of protection from magic (left hand)
 C - an uncursed amulet of magic regeneration
 M - an uncursed ring of ice
Wands
 j - a wand of paralysis (8)
 r - a wand of enslavement (8)
 L - a wand of acid (6)
Scrolls
 l - 2 scrolls of fog
 q - 6 scrolls of remove curse
 u - a scroll of enchant weapon
 E - 3 scrolls of teleportation {unknown}
 F - a scroll of random uselessness {unknown}
 K - a scroll of fear
 N - a scroll of brand weapon {unknown}
Potions
 e - a potion of invisibility {unknown}
 g - 3 potions of lignification
 h - a potion of magic
 n - a potion of curing {unknown}
 p - a potion of haste
 s - a potion of resistance {unknown}
 v - a potion of brilliance {unknown}
 w - 3 potions of stabbing
 z - a potion of berserk rage {unknown}
 A - a potion of might
 D - a potion of flight {unknown}
Comestibles
 f - 15 rations


   Skills:
 + Level 7.5 Fighting
 + Level 11.9 Long Blades
 + Level 0.6 Bows
 + Level 2.9 Throwing
 + Level 8.2 Armour
 + Level 5.2 Dodging
 + Level 1.4 Stealth


You had 8 spell levels left.
You didn't know any spells.
Your spell library was empty.

Dungeon Overview and Level Annotations

Branches:
Dungeon (8/15)             Temple (1/1) D:5          Bailey (1/1)
   Lair: D:8-11

Altars:
Cheibriados
Dithmenos
Elyvilon
Fedhas
Gozag
Hepliaklqana
Kikubaaqudgha
Nemelex Xobeh
Okawaru
Qazlal
Sif Muna
Uskayaw
Vehumet
Wu Jian
Xom
Yredelemnul
Zin
The Shining One

Annotations:
D:7 3 runed translucent doors, TheAraber's ghost, novice GnIE


Innate Abilities, Weirdness & Mutations

You reflexively headbutt those who attack you in melee.
You have a pair of horns on your head.


Message History

The orc knight hits you but does no damage.
The orc warrior shoots a bolt.
The bolt closely misses you.
Found two gates leading back out of this place.
You hit the orc knight.
The orc knight is lightly wounded.
The orc warrior shoots a bolt.
The bolt hits you!
The orc knight hits you from afar with a +0 glaive!!
* * * LOW HITPOINT WARNING * * *
The orc knight closely misses you. You furiously retaliate!
You headbutt the orc knight!
You riposte.
You barely miss the orc knight.
The orc knight is lightly wounded.
The orc warrior shoots a bolt.
The bolt hits you.
* * * LOW HITPOINT WARNING * * *
Unknown command.
You barely miss the orc knight. Your headbutt misses the orc knight.
The orc knight is lightly wounded.
The orc knight hits you with a +0 trident!!
* * * LOW HITPOINT WARNING * * *
The orc knight hits you from afar with a +0 glaive!
You die...

### ##∩## #.(.#
#@.o#
≈≈o≈≈.o..o..≈≈o
≈.oo≈.o.....≈oo
≈≈o≈≈.......≈≈o≈
.≈≈≈..#...#..≈≈≈
.....##...##....
##### ##∩## ####
##


You could see 2 orc knights, 6 orc warriors and 4 orcs.

Vanquished Creatures
  Pikel (D:6)
  A hippogriff (D:7)
  Sigmund (D:3)
  Edmund (D:6)
  An orc warrior (D:5)
  4 sky beasts
  An ice beast (D:5)
  A necrophage (D:6)
  5 ogres
  A phantom (D:7)
  A centaur (D:7)
  3 bullfrogs
  2 scorpions
  4 killer bees (D:7)
  A centaur zombie (D:5)
  A howler monkey (D:4)
  A bullfrog zombie (D:5)
  A crimson imp (D:6)
  A quasit (D:6)
  7 hounds
  3 jellies
  5 orc priests
  A gnoll shaman (D:6)
  2 orc wizards (D:6)
  Jessica (D:3)
  2 bullfrog skeletons
  2 worker ants
  A killer bee zombie (D:4)
  A hound skeleton (D:7)
  Robin (D:3)
  13 gnolls
  10 adders
  2 oozes
  2 adder skeletons
  3 worms
  2 dart slugs
  4 leopard geckos
  15 orcs
  9 giant cockroaches
  11 goblins
  7 hobgoblins
  2 jackals (D:1)
  4 quokkas
  8 bats
  4 frilled lizards
  8 kobolds
  A leopard gecko skeleton (D:3)
  A quokka zombie (D:7)
  7 rats
171 creatures vanquished.

Vanquished Creatures (others)
  2 slaves (D:6)
  A bullfrog zombie (D:6)
  A jelly (D:6)
  An orc wizard (D:6)
5 creatures vanquished.

Grand Total: 176 creatures vanquished

Notes
Turn   | Place    | Note
-------+----------+-------------------------------------------
     0 | D:1      | Eitelfritz the Minotaur Gladiator began the quest for the
                  | Orb.
     0 | D:1      | Reached XP level 1. HP: 18/18 MP: 0/0
    88 | D:1      | Reached skill level 4 in Long Blades
   101 | D:1      | Reached XP level 2. HP: 25/25 MP: 1/1
   548 | D:1      | Reached XP level 3. HP: 25/30 MP: 2/2
   968 | D:2      | Noticed an ogre
  1120 | D:2      | Reached skill level 1 in Armour
  1484 | D:2      | Reached XP level 4. HP: 35/37 MP: 3/3
  1714 | D:2      | Killed an ogre
  1714 | D:2      | Reached skill level 5 in Long Blades
  1714 | D:2      | Reached XP level 5. HP: 45/45 MP: 4/4
  2050 | D:3      | Noticed Robin
  2063 | D:3      | Killed Robin
  2229 | D:3      | Noticed Jessica
  2236 | D:3      | Killed Jessica
  2296 | D:3      | Noticed Sigmund
  2313 | D:3      | Killed Sigmund
  2313 | D:3      | Reached skill level 6 in Long Blades
  2313 | D:3      | Reached XP level 6. HP: 50/51 MP: 5/5
  2334 | D:3      | Found a hide-covered altar of Uskayaw.
  3547 | D:4      | Reached XP level 7. HP: 49/59 MP: 6/6
  3774 | D:4      | Reached skill level 7 in Long Blades
  3815 | D:5      | Entered Level 5 of the Dungeon
  4346 | D:5      | Found a stormy altar of Qazlal.
  4409 | D:5      | Found a staircase to the Ecumenical Temple.
  4456 | D:5      | Reached skill level 8 in Long Blades
  4471 | D:5      | Found a glowing golden altar of the Shining One.
  4710 | D:5      | Reached skill level 5 in Armour
  4713 | D:5      | Reached XP level 8. HP: 67/67 MP: 7/7
  4734 | D:5      | Reached skill level 5 in Fighting
  5225 | Temple   | Entered the Ecumenical Temple
  5535 | D:6      | Reached skill level 9 in Long Blades
  5550 | D:6      | Reached skill level 1 in Stealth
  5648 | D:6      | Noticed Pikel
  5657 | D:6      | Killed Pikel
  5657 | D:6      | Reached skill level 10 in Long Blades
  5784 | D:6      | Reached XP level 9. HP: 32/74 MP: 8/8
  5962 | D:6      | Noticed Edmund
  5970 | D:6      | Killed Edmund
  6441 | D:6      | Reached skill level 5 in Dodging
  6495 | D:7      | Reached skill level 11 in Long Blades
  6541 | D:7      | Found a basalt altar of Yredelemnul.
  6703 | D:7      | Found a sand-covered staircase.
  7322 | D:7      | Found a runed translucent gate.
  7322 | D:7      | Found a runed translucent gate.
  7323 | D:7      | Found a runed translucent gate.
  7325 | D:7      | Noticed TheAraber's ghost (novice GnIE)
  7905 | D:8      | Found a flagged portal.
  7920 | Bailey   | Entered a bailey
  7924 | Bailey   | Noticed an orc knight
  7924 | Bailey   | Noticed an orc knight
  7929 | Bailey   | HP: 1/79 [orc knight/+0 trident (18)]
  7929 | Bailey   | Mangled by an orc knight

Illustrated notes

Levels and vault maps discovered:
D:1:      evilmike_arrival_rings, layout_loops_ring
D:2:      layout_loops_corners, first_ration, minmay_pentomino_t2
D:3:      layout_basic, eat_drink_and_be_merry_uskayaw, uniq_sigmund,
          uniq_jessica, uniq_robin
D:4:      layout_basic
D:5:      minmay_clustersquares, layout_basic, kennysheep_mini,
          minmay_temple_entry_statues_fountains,
          nicolae_qazlal_general_emergency
D:6:      layout_basic, uniq_edmund, uniq_pikel
D:7:      layout_loops_ring, nicolae_overflow_crystal_walls,
          gammafunk_ghost_necromancy, enter_ossuary_5
D:8:      layout_loops_corners, enter_bailey_2, uniq_joseph
Temple:   minmay_temple_curvy_branch
Bailey:   bailey_polearm_4, bailey

Skill      XL: |  1  2  3  4  5  6  7  8  9 |
---------------+----------------------------+-----
Long Blades    | 4 5 6 8 10 11 | 11.9
Armour         | 1 2 3 5 6 8 |  8.2
Fighting       | 3 4 6 7 |  7.5
Dodging        | 4 5 |  5.2
Stealth        | 1 |  1.4
Bows           | |  0.6
Throwing       | |  2.9

Action                   |  1- 3 |  4- 6 |  7- 9 || total
-------------------------+-------+-------+-------++-------
Melee: Long sword        |    69 |   115 |   307 ||   491
       Headbutt          |    11 |    20 |    63 ||    94
 Fire: Longbow           |       |       |     5 ||     5
Throw: Throwing net      |       |     4 |       ||     4
       Javelin           |       |     2 |     3 ||     5
  Use: Scroll            |       |     8 |     5 ||    13
       Potion            |       |       |     7 ||     7
  Eat: Chunk             |     2 |     6 |    11 ||    19
       Ration            |       |       |     1 ||     1
Armor: Leather armour    |    22 |    10 |       ||    32
       Chain mail        |       |    28 |   158 ||   186
Dodge: Dodged            |    43 |    64 |   149 ||   256
       Rpst.: Long sword |    11 |    17 |    41 ||    69
